 Dungeon Crawl Stone Soup version 0.29.1-13-g9f3cf754e1 (webtiles) character file.

Game seed: 1672527123641053580

206 DemonSlayer the Magician (level 5, -1/36 HPs)
             Began as a Demonspawn Earth Elementalist on Jan 25, 2023.
             Slain by an orc
             ... wielding a +0 flail
              (2 damage)
             ... on level 3 of the Dungeon.
             The game lasted 00:06:04 (3106 turns).

DemonSlayer the Magician (DsEE)                     Turns: 3106, Time: 00:06:05

Health: -1/36      AC:  3    Str: 11    XL:     5   Next: 53%
Magic:  5/10       EV: 12    Int: 19    God:
Gold:   168        SH:  0    Dex: 13    Spells: 1/11 levels left

rFire   + . .      SeeInvis .   c - +3 whip of Vephah {vamp, rF+ Int+3}
rCold   . . .      Faith    .   (no shield)
rNeg    . . .      Spirit   .   (no body armour)
rPois   .          Reflect  .   (no helmet)
rElec   .          Harm     .   (no cloak)
rCorr   .          Rampage  .   (no gloves)
Will    .....                   (no boots)
Stlth   ++........              (no amulet)
HPRegen 0.12/turn               j - +4 ring of slaying
MPRegen 0.12/turn               (no ring)

@: no status effects
A: claws 1, icy blue scales 2
a: no special abilities


You were on level 3 of the Dungeon.
You visited 1 branch of the dungeon, and saw 3 of its levels.
You also visited: Sewer.

You collected 168 gold pieces.

Inventory:

Hand Weapons
 c - the +3 whip of Vephah (weapon) {vamp, rF+ Int+3}
   (You found it on level 3 of the Dungeon)

   It occasionally heals its wielder for a portion of the damage dealt when it
   wounds a living foe.
   Int:       It affects your intelligence (+3).
   rF:        It protects you from fire.
 f - a +2 dagger of venom
 p - a +2 glaive of venom
Missiles
 s - a curare-tipped dart
Armour
 u - a +0 leather armour
Jewellery
 j - a +4 ring of slaying (left claw)
Wands
 a - a wand of flame (21)
 q - a wand of digging (6)
Scrolls
 d - a scroll of summoning {unknown}
 e - a scroll of enchant weapon {unknown}
 g - a scroll of vulnerability {unknown}
 h - a scroll of blinking {unknown}
 i - 2 scrolls of brand weapon {unknown}
 m - a scroll of teleportation {unknown}
 t - a scroll of magic mapping {unknown}
Potions
 b - a potion of degeneration {unknown}
 k - a potion of magic
 l - 3 potions of flight
 n - a potion of might
 o - 3 potions of curing
 r - a potion of attraction {unknown}


   Skills:
 + Level 0.6 Fighting
 + Level 0.6 Short Blades
 + Level 0.3 Maces & Flails
 + Level 2.4 Dodging
 + Level 2.3 Stealth
 + Level 3.8 Spellcasting
 + Level 0.8 Transmutations
 + Level 3.7 Earth Magic


You had one spell level left.
You knew the following spells:

 Your Spells              Type           Power      Damage    Failure   Level
a - Sandblast             Erth           34%        2d9       3%          1
b - Stone Arrow           Conj/Erth      20%        3d8       21%         3
c - Passwall              Tmut/Erth      10%        N/A       9%          2
d - Petrify               Tmut/Erth      12%        N/A       47%         4

Your spell library contained the following spells:

 Spells                   Type           Power      Damage    Failure   Level
 Blink                    Tloc           6%         N/A       22%         2
 Gell's Gravitas          Tloc           3%         N/A       38%         3
 Lesser Beckoning         Tloc           3%         N/A       38%         3
 Teleport Other           Tloc           3%         N/A       38%         3
 Manifold Assault         Tloc           3%         N/A       98%         5


Dungeon Overview and Level Annotations

Branches:
Dungeon (3/15)              Sewer (visited)

Altars:


Innate Abilities, Weirdness & Mutations

You have sharp fingernails.
You are mostly covered in icy blue scales. (AC +3)


Message History

The orc wizard is wielding a +0 dagger of pain.
The orc shouts! x2; The orc wizard shouts!
The orc moves out of view.
The blast of sand hits the orc.
You kill the orc!
Things that are here:
a +0 mace; a +0 leather armour; an orc corpse The blast of sand hits the orc priest!
The orc priest is severely wounded.
The orc hits you with a +0 mace. The orc priest barely misses you.
The blast of sand misses the orc priest.
The blast of sand hits the orc wizard!
The orc wizard is heavily wounded.
The orc barely misses you.
The orc priest looks encouraged for a moment.
The orc hits you with a +0 mace. The orc priest barely misses you.
The blast of sand hits the orc priest!
You kill the orc priest!
The orc hits you with a +0 mace. The orc closely misses you.
The blast of sand hits the orc wizard.
The orc wizard is severely wounded.
The orc closely misses you.
The orc wizard gestures at you while chanting.
You resist with some effort. The orc barely misses you.
The orc hits you with a +0 flail! The orc barely misses you.
The orc wizard barely misses you.
You closely miss the orc wizard.
The orc wizard is severely wounded.
The orc hits you with a +0 mace.
The orc wizard hits you with a +0 dagger of pain.
* * * LOW HITPOINT WARNING * * *
You writhe in agony.
* * * LOW HITPOINT WARNING * * *
The orc barely misses you.
You completely miss the orc wizard.
The orc wizard is severely wounded.
The orc hits you with a +0 mace!
* * * LOW HITPOINT WARNING * * *
The orc wizard closely misses you. The orc hits you with a +0 flail.
You die...

##.....##.##.###..
##....†#..##.# #..
#........#...# #
#......[...# ..
#.......#### ###...
##......# #......
#.......# ##.......
.........####oo....#
.........#...@o.#
.............####
.........<...#
........#.###
........#.#
)>.........
.......#....
......##...## .#....
....


You could see an orc wizard and 2 orcs.

Vanquished Creatures
  A kobold brigand (Sewer)
  An orc priest (D:3)
  3 adders
  A river rat (Sewer)
  2 dart slugs
  3 orcs
  5 ball pythons
  5 bats (D:1)
  6 endoplasms
  5 giant cockroaches
  6 goblins
  A hobgoblin (D:1)
  2 jackals (D:1)
  4 quokkas
  2 frilled lizards
  6 kobolds
  14 rats
67 creatures vanquished.

Notes
Turn   | Place    | Note
-------+----------+-------------------------------------------
     0 | D:1      | DemonSlayer the Demonspawn Earth Elementalist began the
                  | quest for the Orb.
     0 | D:1      | Reached XP level 1. HP: 13/13 MP: 3/3
   208 | D:1      | Gained mutation: You are partially covered in icy blue
                  | scales. (AC +2) [demonic ancestry]
   208 | D:1      | Reached XP level 2. HP: 10/19 MP: 1/5
   938 | D:1      | Gained mutation: You are mostly covered in icy blue scales.
                  | (AC +3) [demonic ancestry]
   938 | D:1      | Reached XP level 3. HP: 24/24 MP: 1/6
  1649 | D:1      | Learned a level 3 spell: Stone Arrow
  2395 | D:2      | Learned a level 2 spell: Passwall
  2440 | D:3      | Identified the +3 whip of Vephah {vamp, rF+ Int+3}
  2537 | D:3      | Found a glowing drain.
  2544 | Sewer    | Entered a sewer
  2549 | Sewer    | Reached XP level 4. HP: 30/30 MP: 3/8
  2677 | Sewer    | Noticed a kobold brigand
  2688 | Sewer    | Killed a kobold brigand
  2689 | Sewer    | Gained mutation: You have sharp fingernails. [demonic
                  | ancestry]
  2689 | Sewer    | Reached XP level 5. HP: 15/36 MP: 1/10
  2886 | Sewer    | Learned a level 4 spell: Petrify
  3106 | D:3      | HP: 1/36 [orc/+0 mace (7)]
  3106 | D:3      | Slain by an orc

Illustrated notes

Levels and vault maps discovered:
D:1:      dpeg_arrival_subterranean_lakeside_camping, layout_basic,
          minmay_misc_feat_tiny, st_stairs_6
D:2:      layout_loops_ring
D:3:      layout_rooms, lemuel_crystal_altar, mainiacjoe_overflow_paths,
          gup_sewer_entry_pipe, uniq_terence

Skill      XL: |  1  2  3 |
---------------+----------+-----
Stealth        | 2 |  2.3
Dodging        | 2 |  2.4
Earth Magic    | 3 |  3.7
Spellcasting   | 3 |  3.8
Fighting       | |  0.6
Short Blades   | |  0.6
Maces & Flails | |  0.3
Transmutations | |  0.8

Action                   |  1- 3 |  4- 6 || total
-------------------------+-------+-------++-------
Melee: Dagger            |    72 |       ||    72
       Whip              |     6 |    20 ||    26
 Cast: Sandblast         |    48 |    32 ||    80
  Use: Potion            |     2 |       ||     2
       Scroll            |     3 |       ||     3
 Stab: Sleeping          |     4 |       ||     4
Armor: Robe              |    35 |    11 ||    46
Dodge: Dodged            |    85 |    42 ||   127
